 Dungeon Crawl Stone Soup version 0.17.1-1-g73c8601 (webtiles) character file.

82904 JustSomeDude the Hand of Fortune (level 15, -8/172 HPs)
             Began as a Demonspawn Monk on Dec 28, 2015.
             Was the Champion of Nemelex Xobeh.
             Blown up by an orb spider (33 damage)
             ... with an orb of destruction
             ... on level 4 of the Spider Nest.
             The game lasted 02:06:26 (18994 turns).

JustSomeDude the Hand of Fortune (Demonspawn Monk) Turns: 18994, Time: 02:06:26

Health: -8/172     AC: 27    Str: 14    XL:     15   Next: 30%
Magic:  42/42      EV:  6    Int: 13    God:    Nemelex Xobeh [******]
Gold:   1440       SH:  0    Dex: 31    Spells: 0 memorised, 14 levels left

rFire  + . .     SeeInvis +     s - +5 broad axe (vamp)
rCold  + + .     Clarity  .     (armour currently unavailable)
rNeg   + + +     SustAt   .     z - +3 shield
rPois  +         Gourm    .     (helmet unavailable)
rElec  +         Spirit   .     (cloak currently unavailable)
rCorr  +         Warding  .     (gloves currently unavailable)
rMut   .         NoTele   +     (boots currently unavailable)
MR     ++...                    H - amulet "Kuiroahe" {+Rage rF+ SInv}
Stlth  ++++......               n - ring "Nuur" {rN+ MP+9 Str+2 Dex+3} (curse)
                                p - ring of Brilliance {Ice rElec rPois MP+9 Dex+3}

@: confused, agile, exhausted, tree-form, resistant, slowed, repel missiles,
very slow, very resistant to hostile enchantments, stealthy
A: (hooves 0), (horns 0), repulsion field 3, (fire resistance 0), foul stench 2,
magic resistance 1, sense surroundings 1, powered by pain 1, regeneration 1,
(shaggy fur 0), spit poison 3, rot immunity
a: Breathe Poison Gas, Triple Draw, Deal Four, Stack Five, Renounce Religion,
Evoke Berserk Rage


You were on level 4 of the Spider Nest.
You worshipped Nemelex Xobeh.
Nemelex Xobeh was exalted by your worship.
You were hungry.
You were a tree.
You visited 4 branches of the dungeon, and saw 22 of its levels.
You also visited: Labyrinth.

You collected 1440 gold pieces.

Inventory:

Hand Weapons
 s - a +5 vampiric broad axe (weapon)
Missiles
 e - 5 silver tomahawks (quivered)
Armour
 r - a +2 pair of boots (melded)
 y - a +1 leather armour of positive energy (melded)
 z - a +3 shield (worn)
 A - a +2 cloak (melded)
 G - a +0 pair of gloves of archery (melded)
 O - the +2 plate armour "Duipaol" {rPois rF+}
   (You found it on level 2 of the Spider Nest)

   It protects you from fire.
   It protects you from poison.
Magical Staves
 X - a cursed staff of summoning
Jewellery
 n - the cursed ring "Nuur" (right branch) {rN+ MP+9 Str+2 Dex+3}
   (You found it in a labyrinth)

   [ring of positive energy]

   It affects your strength (+2).
   It affects your dexterity (+3).
   It protects you from negative energy.
   It affects your magic capacity (+9).
   It has a curse placed upon it.
 p - the ring of Brilliance (left branch) {Ice rElec rPois MP+9 Dex+3}
   (You found it in a labyrinth)

   [ring of ice]

   It enhances your ice magic, and weakens your fire magic.
   It affects your dexterity (+3).
   It makes you vulnerable to fire.
   It protects you from cold.
   It insulates you from electricity.
   It protects you from poison.
   It affects your magic capacity (+9).
 H - the amulet "Kuiroahe" (around neck) {+Rage rF+ SInv}
   (You found it on level 2 of the Lair of Beasts)

   [amulet of rage]

   It protects you from fire.
   It lets you see invisible.
   It lets you go berserk.
Wands
 c - a wand of fireball (1)
 o - a wand of cold (6)
 u - a wand of confusion (25)
 F - a wand of paralysis (4)
 I - a wand of heal wounds (5)
 J - a wand of lightning (3)
 P - a wand of digging (16)
 Q - a wand of confusion (37)
 S - a wand of teleportation (1)
 Z - a wand of digging (10)
Scrolls
 d - 5 scrolls of remove curse
 g - 5 scrolls of teleportation
 h - 5 scrolls of identify
 i - a scroll of brand weapon
 j - a scroll of blinking
 l - a scroll of enchant weapon
 R - 3 scrolls of fear
 U - 6 scrolls of fog
 W - a scroll of immolation
Potions
 a - 2 potions of lignification
 q - a potion of berserk rage
 M - 2 potions of ambrosia
 V - a potion of haste
 Y - a potion of flight {unknown}
Books
 K - a Fen Folio

   Spells                             Type                      Level
   a - Corpse Rot                     Necromancy                   2
   b - Stone Arrow                    Conjuration/Earth            3
   c - Leda's Liquefaction            Hexes/Earth                  4
   d - Summon Forest                  Summoning/Translocation      5
   e - Hydra Form                     Transmutation                6
   f - Summon Hydra                   Summoning                    7
 T - a book of Callings

   Spells                             Type                      Level
   a - Summon Small Mammal            Summoning                    1
   b - Call Imp                       Summoning                    2
   c - Call Canine Familiar           Summoning                    3
   d - Summon Guardian Golem          Hexes/Summoning              3
   e - Summon Lightning Spire         Summoning/Air                4
   f - Summon Ice Beast               Ice/Summoning                4
Miscellaneous
 k - an ornate deck of escape
 m - a legendary deck of destruction
 B - an ornate deck of war {drawn: 1}
 E - an ornate deck of war {drawn: 1}
 L - a plain deck of escape {drawn: 1}
 N - a legendary deck of escape {drawn: 1}
Comestibles
 b - 14 bread rations
 f - 13 fruits
 D - 10 slices of pizza


   Skills:
 + Level 10.1 Fighting
 + Level 9.7 Axes
 + Level 2.7 Throwing
 + Level 6.9 Armour
 + Level 12.4 Dodging
 + Level 8.0 Stealth
 + Level 9.4 Shields
 + Level 4.5 Unarmed Combat
 * Level 12.5 Evocations


You had 14 spell levels left.
You didn't know any spells.

Dungeon Overview and Level Annotations

Branches:
Dungeon (8/15)             Temple (0/1) D:6            Lair (6/8) D:8
 Shoals (4/4) Lair:6       Spider (4/4) Lair:3
  Slime: Lair:6-8

Altars:
Ashenzari
Cheibriados
Dithmenos
Fedhas
Gozag
Kikubaaqudgha
Nemelex Xobeh
Qazlal
Ru
Sif Muna
Trog
Vehumet
Xom
Yredelemnul

Annotations:
Lair:4 Snorg


Innate Abilities, Weirdness & Mutations

((You have a pair of large horns on your head.))
You are surrounded by a strong repulsion field (EV +4, rMsl).
You frequently emit foul miasma when damaged in melee.
You sometimes gain a little power by taking damage.
You are immune to rotting.
((You have large cloven feet.))
((Your flesh is very heat resistant.))
You are resistant to hostile enchantments.
You passively map a small area around you.
Your natural rate of healing is unusually fast.
((You are covered in fur (AC +1).))
You can exhale a cloud of poison.


Message History

The wolf spider completely misses you.
The spider bites you but does no damage.
The spider closely misses you.
The jumping spider pounces on you but does no damage.
The jumping spider looks sick.
The jumping spider bites you but does no damage.
The tarantella bites you but does no damage.
The tarantella bites you.
* * * LOW HITPOINT WARNING * * *
You are more confused.
The spider bites you but does no damage.
The wolf spider hits you.
* * * LOW HITPOINT WARNING * * *
The wolf spider bites you.
* * * LOW HITPOINT WARNING * * *
The spider bites you.
* * * LOW HITPOINT WARNING * * *
You emit a cloud of foul miasma!
The orb of destruction hits you!
You die...
Your body glows with a rainbow of weird colours and disappears.

^.................## ,
...................# ,
......."...........#
................^..##
*
......^......^......#
,
...........^..s^.$s^#
* ,
............^!§..$.^#
*
...............§ss.s++
..............ss♣s..+
....<..........sss%^++
,
............^..s.$.s#
...................^#
,
...............<....#
,
.......^...........##
.......,......^....# ,
^...... ..........# *
.......


You could see a wolf spider, 4 orb spiders, a jumping spider, 2 tarantellas and
5 spiders.

Vanquished Creatures
  Rupert (Spider:1)
  Polyphemus (Shoals:4)
  Frances (Shoals:1)
  A ghost moth (Spider:2)
  A minotaur (Lab)
  4 merfolk impalers
  Harold (Lair:1)
  An entropy weaver (Spider:4)
  3 hydras
  2 merfolk avatars (Shoals:3)
  2 merfolk aquamancers (Shoals:4)
  4 satyrs
  Nergalle (Lair:1)
  A sea snake (Shoals:3)
  Pikel (D:5)
  4 fauns (Shoals:4)
  2 hornets
  13 wolf spiders
  4 orb spiders
  4 griffons
  10 manticores
  A black mamba (Lair:3)
  5 harpies
  2 sirens
  2 elephants (Lair:5)
  8 spiny frogs
  A torpor snail (Lair:2)
  A fire drake (Lair:4)
  A komodo dragon (Lair:5)
  13 demonic crawlers
  16 merfolk
  2 polar bears (Lair:1)
  A boulder beetle (Spider:3)
  A wind drake (Shoals:3)
  A two-headed ogre (D:8)
  19 jumping spiders
  5 blink frogs (Lair:5)
  A snapping turtle (Shoals:1)
  4 trapdoor spiders (Lair:3)
  5 water moccasins
  37 yaks
  20 redbacks
  A water elemental (Shoals:4)
  11 tarantellas
  A wyvern (Lair:5)
  A shadow (Lab)
  A fire bat (Lair:5)
  A basilisk (Lair:3)
  A golden eye (Lair:5)
  5 hippogriffs
  2 hungry ghosts (Lab)
  5 porcupines
  A slave (D:5)
  A wasp (D:7)
  2 orc warriors (D:8)
  2 black bears
  17 spiders
  5 ogres
  3 sky beasts
  2 phantoms
  4 centaurs
  7 crocodiles
  19 giant frogs
  3 scorpions
  4 killer bees
  4 crimson imps
  A giant frog zombie (D:8)
  3 jellies
  5 hounds
  3 orc priests (D:6)
  2 orc wizards (D:8)
  A centaur skeleton (D:5)
  5 iguanas
  2 giant frog skeletons
  A gnoll shaman (D:7)
  5 sheep
  8 worker ants
  A killer bee zombie (D:7)
  A hound skeleton (D:4)
  A worker ant zombie (D:6)
  11 adders
  6 gnolls
  31 river rats
  A giant eyeball (Lair:5)
  2 oozes
  2 worms (D:3)
  An adder skeleton (D:4)
  18 orcs
  3 giant cockroaches
  9 hobgoblins
  9 jackals
  5 quokkas
  4 ball pythons
  7 bats
  4 giant geckos
  4 giant newts
  2 gnoll zombies (D:8)
  6 goblins
  A jackal zombie (D:6)
  10 kobolds
  A quokka zombie (D:5)
  4 rats
  4 fungi
  11 plants
506 creatures vanquished.

Vanquished Creatures (collateral kills)
  Nikola (Shoals:1)
  A sphinx (Shoals:4)
  2 hydras
  A merfolk avatar (Shoals:3)
  2 catoblepae (Shoals:4)
  4 death yaks (Shoals:4)
  A swamp dragon (Shoals:1)
  A manticore (Shoals:3)
  A water nymph (Shoals:3)
  A siren (Shoals:4)
  A spiny frog (Lair:4)
  3 merfolk (Shoals:1)
  2 polar bears (Lair:1)
  A snapping turtle (Shoals:1)
  4 yaks
  A porcupine (Lair:6)
  3 black bears (Lair:1)
  A sky beast (D:8)
  A crocodile (D:8)
  A scorpion (D:8)
  A killer bee (D:3)
  A jelly (D:6)
  An electric eel (D:6)
  3 iguanas
  A worker ant (D:6)
  2 adders
  A gnoll (D:6)
  A quokka (D:8)
  A rat (D:8)
  A butterfly (Lair:1)
  A fungus (Lair:4)
47 creatures vanquished.

Vanquished Creatures (others)
  An emperor scorpion (Spider:3)
  A tarantella (Spider:1)
  A slave (D:5)
  A hound (D:5)
  A jelly (D:5)
  A gnoll (D:6)
  6 fungi
  13 plants
25 creatures vanquished.

Grand Total: 578 creatures vanquished

Notes
Turn   | Place    | Note
--------------------------------------------------------------
     0 | D:1      | JustSomeDude the Demonspawn Monk began the quest for the Orb.
     0 | D:1      | Reached XP level 1. HP: 18/18 MP: 1/1
   263 | D:1      | Gained mutation: You are surrounded by a mild repulsion field (EV +2). [demonic ancestry]
   263 | D:1      | Reached XP level 2. HP: 22/24 MP: 2/2
   273 | D:1      | Reached skill level 4 in Unarmed Combat
  1012 | D:2      | Gained mutation: You are immune to rotting. [demonic ancestry]
  1012 | D:2      | Reached XP level 3. HP: 22/29 MP: 3/3
  1016 | D:2      | Found a faded altar to an unknown god.
  1031 | D:2      | Became a worshipper of Nemelex Xobeh the Trickster
  1031 | D:2      | Received a gift from Nemelex Xobeh
  1031 | D:2      | Reached * piety under Nemelex Xobeh
  1031 | D:2      | Received a gift from Nemelex Xobeh
  1031 | D:2      | Reached ** piety under Nemelex Xobeh
  1031 | D:2      | Received a gift from Nemelex Xobeh
  1031 | D:2      | Received a gift from Nemelex Xobeh
  1174 | D:2      | Found a shimmering altar of Xom.
  1175 | D:2      | Found a shimmering altar of Xom.
  1178 | D:2      | Found a shimmering altar of Xom.
  1178 | D:2      | Found a shimmering altar of Xom.
  1178 | D:2      | Found a shimmering altar of Xom.
  1182 | D:2      | Found a shimmering altar of Xom.
  1183 | D:2      | Found a shimmering altar of Xom.
  1297 | D:2      | Reached *** piety under Nemelex Xobeh
  1328 | D:2      | Found a bloodstained altar of Trog.
  1333 | D:2      | Found a radiant altar of Vehumet.
  1334 | D:2      | Found a shattered altar of Ashenzari.
  1541 | D:2      | Found a blossoming altar of Fedhas.
  1651 | D:2      | Reached skill level 1 in Evocations
  1651 | D:2      | Gained mutation: You may emit foul miasma when damaged in melee. [demonic ancestry]
  1651 | D:2      | Reached XP level 4. HP: 8/35 MP: 4/4
  1900 | D:2      | Received a gift from Nemelex Xobeh
  1904 | D:2      | Found a deep blue altar of Sif Muna.
  2275 | D:3      | Found an ancient bone altar of Kikubaaqudgha.
  2296 | D:3      | Reached skill level 1 in Armour
  2481 | D:3      | Found a shadowy altar of Dithmenos.
  2572 | D:3      | Gained mutation: You have a pair of small horns on your head. [demonic ancestry]
  2572 | D:3      | Reached XP level 5. HP: 17/41 MP: 5/5
  3362 | D:3      | Noticed a giant frog
  3388 | D:3      | Killed a giant frog
  3388 | D:3      | Gained mutation: You have a pair of horns on your head. [demonic ancestry]
  3388 | D:3      | Reached XP level 6. HP: 35/47 MP: 7/7
  3430 | D:3      | Found a snail-covered altar of Cheibriados.
  4286 | D:4      | Gained mutation: You can spit weak poison. [potion of mutation]
  4286 | D:4      | Gained mutation: Your skin changes colour to match your surroundings (Stealth). [potion of mutation]
  4286 | D:4      | Gained mutation: You are covered in fur (AC +1). [potion of mutation]
  4392 | D:4      | Reached XP level 7. HP: 47/52 MP: 7/9
  4396 | D:4      | Received a gift from Nemelex Xobeh
  4617 | D:5      | Entered Level 5 of the Dungeon
  4639 | D:5      | Reached **** piety under Nemelex Xobeh
  4702 | D:5      | Noticed Pikel
  4709 | D:5      | Killed Pikel
  4709 | D:5      | Reached skill level 1 in Axes
  4709 | D:5      | Reached skill level 5 in Dodging
  4709 | D:5      | Gained mutation: You frequently emit foul miasma when damaged in melee. [demonic ancestry]
  4709 | D:5      | Reached XP level 8. HP: 12/60 MP: 10/10
  5131 | D:5      | Found Juynoid's Jewellery Shop.
  5422 | D:5      | Received a gift from Nemelex Xobeh
  5697 | D:5      | Found an opulent altar of Gozag.
  5803 | D:6      | Received a gift from Nemelex Xobeh
  5908 | D:6      | Found a sacrificial altar of Ru.
  5971 | D:6      | Gained mutation: You are surrounded by a moderate repulsion field (EV +3). [mutagenic meat]
  5972 | D:6      | Gained mutation: You are resistant to hostile enchantments. [mutagenic meat]
  5974 | D:6      | Gained mutation: You have large cloven feet. [mutagenic meat]
  6155 | D:6      | Reached skill level 5 in Stealth
  6245 | D:6      | Received a gift from Nemelex Xobeh
  6315 | D:6      | Gained mutation: You sometimes gain a little power by taking damage. [demonic ancestry]
  6315 | D:6      | Reached XP level 9. HP: 61/66 MP: 12/12
  6327 | D:6      | Found a staircase to the Ecumenical Temple.
  6536 | D:6      | Reached skill level 5 in Evocations
  6833 | D:7      | Reached ***** piety under Nemelex Xobeh
  6841 | D:7      | Reached skill level 1 in Shields
  7004 | D:7      | Lost mutation: Your skin changes colour to match your surroundings (Stealth). [potion of mutation]
  7004 | D:7      | Gained mutation: Your natural rate of healing is unusually fast. [potion of mutation]
  7004 | D:7      | Gained mutation: Your flesh is heat resistant. [potion of mutation]
  7005 | D:7      | Gained mutation: You can spit poison. [potion of mutation]
  7005 | D:7      | Gained mutation: You have a pair of large horns on your head. [potion of mutation]
  7005 | D:7      | Gained mutation: You passively map a small area around you. [potion of mutation]
  7218 | D:7      | Found a stormy altar of Qazlal.
  7256 | D:7      | Reached skill level 6 in Dodging
  7272 | D:7      | Reached skill level 5 in Fighting
  7539 | D:8      | Received a gift from Nemelex Xobeh
  7660 | D:8      | Reached skill level 5 in Armour
  7706 | D:8      | Found a staircase to the Lair.
  7816 | D:8      | Reached XP level 10. HP: 74/74 MP: 14/14
  8232 | D:8      | Reached skill level 7 in Dodging
  8425 | D:8      | Found a basalt altar of Yredelemnul.
  8559 | Lair:1   | Entered Level 1 of the Lair of Beasts
  8568 | Lair:1   | Noticed Harold
  8576 | Lair:1   | Killed Harold
  8613 | Lair:1   | Received a gift from Nemelex Xobeh
  8839 | Lair:1   | Noticed Nergalle
  8871 | Lair:1   | Killed Nergalle
  8871 | Lair:1   | Reached skill level 1 in Throwing
  8936 | Lair:1   | Reached skill level 8 in Dodging
  9509 | Lair:1   | Received a gift from Nemelex Xobeh
  9787 | Lair:2   | Identified a scroll of acquirement
  9979 | Lair:2   | Noticed a four-headed hydra
  9984 | Lair:2   | Got a twitching emerald amulet
 10037 | Lair:2   | Killed a four-headed hydra
 10037 | Lair:2   | Reached skill level 5 in Axes
 10037 | Lair:2   | Reached XP level 11. HP: 74/81 MP: 16/16
 10208 | Lair:2   | Identified the amulet "Kuiroahe" {+Rage rF+ SInv} (You found it on level 2 of the Lair of Beasts)
 10396 | Lair:2   | Received a gift from Nemelex Xobeh
 10854 | Lair:3   | Noticed a black mamba
 10871 | Lair:3   | Killed a black mamba
 10871 | Lair:3   | Reached skill level 9 in Dodging
 11124 | Lair:3   | Received a gift from Nemelex Xobeh
 11240 | Lair:3   | Received a gift from Nemelex Xobeh
 11266 | Lair:3   | Found a hole to the Spider Nest.
 11797 | Lair:4   | Noticed Snorg
 11845 | Lair:4   | Found a labyrinth entrance.
 11871 | Lab      | Entered a labyrinth
 11871 | Lab      | Received a gift from Nemelex Xobeh
 12102 | Lab      | Noticed a minotaur
 12121 | Lab      | Killed a minotaur
 12157 | Lab      | Got a crude jade ring
 12157 | Lab      | Got a steaming turquoise ring
 12176 | Lab      | Identified the ring "Nuur" {rN+ MP+9 Str+2 Dex+3} (You found it in a labyrinth)
 12184 | Lab      | Identified the ring of Brilliance {Ice rElec rPois MP+9 Dex+3} (You found it in a labyrinth)
 12403 | Lair:4   | Received a gift from Nemelex Xobeh
 12411 | Lair:4   | Mutation became permanent: You have a pair of large horns on your head. [demonic ancestry]
 12411 | Lair:4   | Reached XP level 12. HP: 89/89 MP: 18/18
 12449 | Lair:4   | Noticed a seven-headed hydra
 12455 | Lair:4   | Killed a seven-headed hydra
 12455 | Lair:4   | Reached skill level 5 in Shields
 12582 | Lair:4   | Received a gift from Nemelex Xobeh
 12698 | Lair:4   | Reached ****** piety under Nemelex Xobeh
 12779 | Lair:4   | Received a gift from Nemelex Xobeh
 13174 | Lair:5   | Received a gift from Nemelex Xobeh
 13503 | Lair:5   | Noticed a five-headed hydra
 13507 | Lair:5   | Killed a five-headed hydra
 13696 | Lair:5   | Received a gift from Nemelex Xobeh
 14050 | Lair:6   | Noticed a four-headed hydra
 14054 | Lair:6   | Killed a four-headed hydra
 14054 | Lair:6   | Reached skill level 10 in Dodging
 14208 | Lair:6   | Received a gift from Nemelex Xobeh
 14274 | Lair:6   | Found a staircase to the Shoals.
 14291 | Shoals:1 | Entered Level 1 of the Shoals
 14437 | Shoals:1 | Noticed Frances
 14458 | Shoals:1 | Killed Frances
 14458 | Shoals:1 | Reached skill level 10 in Evocations
 14458 | Shoals:1 | Gained mutation: You are surrounded by a strong repulsion field (EV +4, rMsl). [demonic ancestry]
 14458 | Shoals:1 | Reached XP level 13. HP: 76/98 MP: 20/20
 14474 | Shoals:1 | Noticed Nikola
 14514 | Shoals:1 | Noticed a merfolk impaler
 14533 | Shoals:1 | Killed a merfolk impaler
 14539 | Shoals:1 | Killed Nikola
 14774 | Shoals:1 | Received a gift from Nemelex Xobeh
 14977 | Shoals:2 | Found Jejudono's Magic Scroll Shop.
 15124 | Shoals:2 | Received a gift from Nemelex Xobeh
 15255 | Shoals:3 | Reached skill level 11 in Evocations
 15319 | Shoals:3 | Received a gift from Nemelex Xobeh
 16059 | Shoals:4 | Entered Level 4 of the Shoals
 16059 | Shoals:4 | Noticed Polyphemus
 16064 | Shoals:4 | Noticed Zicwingesu the pandemonium lord
 16066 | Shoals:4 | Reached XP level 14. HP: 69/108 MP: 22/22
 16070 | Shoals:4 | Killed Polyphemus
 16073 | Shoals:4 | Noticed Ilsuiw
 16083 | Shoals:4 | Noticed Ilsuiw
 16083 | Shoals:4 | Ilsuiw changed into Ilsuiw the sphinx
 16086 | Shoals:4 | Killed Ilsuiw the sphinx
 16330 | Shoals:4 | HP: 2/108 [faun/uncursed spear (18)]
 16662 | Spider:1 | Entered Level 1 of the Spider Nest
 16942 | Spider:1 | Received a gift from Nemelex Xobeh
 16999 | Spider:1 | Reached skill level 12 in Evocations
 17064 | Spider:1 | Noticed Rupert
 17084 | Spider:1 | Killed Rupert
 17787 | Spider:2 | Noticed a ghost moth
 17789 | Spider:2 | Killed a ghost moth
 17813 | Spider:2 | Gained mutation: Your flesh is very heat resistant. [mutagenic meat]
 17815 | Spider:2 | Gained mutation: You can exhale a cloud of poison. [mutagenic meat]
 17894 | Spider:2 | Received a gift from Nemelex Xobeh
 17898 | Spider:2 | Got a polished plate armour
 17899 | Spider:2 | Identified the +2 plate armour "Duipaol" {rPois rF+} (You found it on level 2 of the Spider Nest)
 18094 | Spider:2 | Reached XP level 15. HP: 92/115 MP: 24/24
 18338 | Spider:3 | Reached skill level 10 in Fighting
 18681 | Spider:3 | Received a gift from Nemelex Xobeh
 18683 | Spider:3 | XOM: divination: detect creatures
 18893 | Spider:4 | Entered Level 4 of the Spider Nest
 18994 | Spider:4 | Blown up by an orb spider

Action                   |  1- 3 |  4- 6 |  7- 9 | 10-12 | 13-15 || total
-------------------------+-------+-------+-------+-------+-------++-------
Melee: Unarmed           |   164 |    88 |       |       |    24 ||   276
       Hand axe          |       |    78 |   349 |   406 |       ||   833
       Broad axe         |       |       |       |   236 |   682 ||   918
Throw: Tomahawk          |       |       |       |    12 |    54 ||    66
Invok: Stack Five        |       |       |       |     2 |       ||     2
 Abil: Evoke Berserk Rag |       |       |       |     1 |     6 ||     7
Evoke: Deck              |     1 |    10 |    13 |    59 |    53 ||   136
       Phantom mirror    |       |       |       |     1 |       ||     1
       Wand              |       |       |       |       |    11 ||    11
  Use: Scroll            |       |     9 |       |    25 |     9 ||    43
       Potion            |       |     3 |     5 |     6 |    15 ||    29
 Stab: Sleeping          |     3 |     8 |     9 |    21 |    11 ||    52
       Distracted        |     1 |     1 |       |     3 |     4 ||     9
       Invisible         |       |       |     6 |       |       ||     6
       Paralysed         |       |       |       |       |     4 ||     4
  Eat: Chunk             |     1 |     6 |    28 |     6 |     6 ||    47
       Bread ration      |       |     1 |       |       |       ||     1
       Fruit             |       |       |       |     5 |       ||     5
       Meat ration       |       |       |       |     3 |     3 ||     6
       Beef jerky        |       |       |       |     2 |     1 ||     3
       Royal jelly       |       |       |       |     3 |       ||     3
